 Dungeon Crawl Stone Soup version 0.25-a0-697-g890751e744 (webtiles) character file.

Game seed: 10317967084924992979, levelgen mode: deterministic

793291 Hartz the Slayer (level 27, -3/207 HPs)
             Began as a Gargoyle Earth Elementalist on Apr 1, 2020.
             Was the Champion of Vehumet.
             Slain by a quicksilver dragon skeleton (9 damage)
             ... on level 25 of a ziggurat.
             The game lasted 04:26:32 (65956 turns).

Hartz the Slayer (Gargoyle Earth Elementalist)     Turns: 65956, Time: 04:26:32

Health: -3/207     AC: 42    Str: 32    XL:     27
Magic:  34/48      EV: 20    Int: 38    God:    Vehumet [******]
Gold:   13578      SH:  0    Dex:  7    Spells: 7/69 levels left

rFire    + + +     SeeInvis +   Q - +12 quarterstaff "Arbiter" {holy, rC+ Str+3 SInv}
rCold    + + +     Gourm    .   (shield currently unavailable)
rNeg     + + .     Faith    .   V - +3 robe "Mathreleh" {rF+ MR- Str+4 Dex+2}
rPois    ∞         Spirit   .   E - +2 helmet {Int+3}
rElec    +         Reflect  .   w - scarf {rC+ rF+}
rCorr    +         Harm     .   e - +2 pair of gloves {Str+3}
MR       ++++.                  S - +1 pair of boots of Alef {+Inv rC- rCorr Str+3}
Stlth    ++........             I - amulet of Vitality {Regen+ HP+15}
HPRegen  0.84/turn              a - ring "Wait" {rC++ MR+++ AC+5 Int+4 Dex-5}
MPRegen  0.31/turn              h - ring "Plog" {*Slow rN+ Str+5 Int+4}

@: resistant, flying, very slightly contaminated, slowed, studying 2 skills,
very slow
A: big wings, talons 2, repulsion field 1, icy blue scales 1, negative energy
resistance 1, electricity resistance, unbreathing, petrification resistance, rot
immunity, AC +20
}: 4/15 runes: barnacled, slimy, silver, gossamer
a: Stop Flying, Renounce Religion, Evoke Invisibility


You were on level 25 of a ziggurat.
You worshipped Vehumet.
Vehumet was exalted by your worship.
You were full.

You visited 11 branches of the dungeon, and saw 53 of its levels.
You visited 1 ziggurat, and saw 25 of its levels.
You also visited: Gauntlet and Ice Cave.

You collected 16200 gold pieces.
You spent 2622 gold pieces at shops.

Inventory:

Hand Weapons
 s - the +3 Elemental Staff {rElec rF++ rC++ MR++ AC+5}
   (You found it on level 6 of a ziggurat)

   It affects your AC (+5).
   It greatly protects you from fire.
   It greatly protects you from cold.
   It insulates you from electricity.
   It affects your resistance to hostile enchantments.
 F - the +8 lance "Wyrmbane" {slay drac, rPois rF+ rC+ AC+3}
   (You found it on level 12 of a ziggurat)

   It affects your AC (+3).
   It protects you from fire.
   It protects you from cold.
   It protects you from poison.
 Q - the +12 quarterstaff "Arbiter" (weapon) {holy, rC+ Str+3 SInv}
   (You took it off an orc warrior on level 8 of the Dungeon)

   It has been blessed by the Shining One to cause great damage to the undead
   and demons.
   It affects your strength (+3).
   It protects you from cold.
   It lets you see invisible.
Missiles
 i - 8 throwing nets (quivered)
Armour
 e - a +2 pair of gloves of strength (worn)
 p - the +3 robe of Clouds {+Thunder rCloud rElec}
   (You found it on level 22 of a ziggurat)

   It insulates you from electricity.
 w - a scarf of resistance (worn)
 E - a +2 helmet of intelligence (worn)
 G - the +0 cloak of the Princeling {rElec rN+ MR+ Regen+}
   (You found it on level 12 of a ziggurat)

   It insulates you from electricity.
   It protects you from negative energy.
   It affects your resistance to hostile enchantments.
   It increases your rate of regeneration.
 H - the +0 leather armour "Togauxaxt" {rF+ Int+5}
   (You found it on level 16 of a ziggurat)

   It affects your intelligence (+5).
   It protects you from fire.
 O - the +0 pair of fencer's gloves {Riposte Dex+3}
   (You found it on level 22 of a ziggurat)

   It affects your dexterity (+3).
 S - the +1 pair of boots of Alef (worn) {+Inv rC- rCorr Str+3}
   (You found it on level 8 of the Dungeon)

   It affects your strength (+3).
   It makes you vulnerable to cold.
   It lets you turn invisible.
   It provides partial protection from all sources of acid and corrosion.
 V - the +3 robe "Mathreleh" (worn) {rF+ MR- Str+4 Dex+2}
   (You bought it in a shop on level 1 of the Orcish Mines)

   It affects your strength (+4).
   It affects your dexterity (+2).
   It protects you from fire.
   It affects your resistance to hostile enchantments.
Magical Staves
 Y - an uncursed staff of energy
Jewellery
 a - the ring "Wait" (left hand) {rC++ MR+++ AC+5 Int+4 Dex-5}
   (You took it off a minotaur in a Gauntlet)

   [ring of protection]

   It affects your AC (+5).
   It affects your intelligence (+4).
   It affects your dexterity (-5).
   It greatly protects you from cold.
   It affects your resistance to hostile enchantments.
 c - the ring of Phasing {EV+8}
   (You found it on level 24 of a ziggurat)

   [ring of evasion]

   It affects your evasion (+8).
 h - the ring "Plog" (right hand) {*Slow rN+ Str+5 Int+4}
   (You took it off a deep elf elementalist on level 3 of the Elven Halls)

   [ring of positive energy]

   It affects your strength (+5).
   It affects your intelligence (+4).
   It protects you from negative energy.
   It may slow you when you take damage.
 k - the ring of the Republic {rC+ rN+ AC+3 Str+5}
   (You found it on level 16 of a ziggurat)

   [ring of protection]

   It affects your AC (+3).
   It affects your strength (+5).
   It protects you from cold.
   It protects you from negative energy.
 I - the amulet of Vitality (around neck) {Regen+ HP+15}
   (You found it on level 14 of the Dungeon)

   [amulet of regeneration]

   It affects your health (+15).
   It increases your rate of regeneration.
Wands
 n - a wand of acid (18)
 q - a wand of clouds (7)
 A - a wand of iceblast (17)
Scrolls
 t - 28 scrolls of teleportation
 u - 6 scrolls of magic mapping
 v - 24 scrolls of remove curse
 z - 21 scrolls of identify
 B - 6 scrolls of amnesia
 R - a scroll of holy word
 T - a scroll of brand weapon
 W - 14 scrolls of fog
Potions
 b - 2 potions of magic
 f - 12 potions of haste
 g - 6 potions of brilliance
 j - a potion of ambrosia
 l - 5 potions of might
 m - 2 potions of cancellation
 o - 2 potions of resistance
 r - 5 potions of berserk rage
 x - 17 potions of curing
 J - 11 potions of mutation
 N - 5 potions of heal wounds
 Z - 2 potions of invisibility
Books
 D - a manual of Short Blades
 L - a manual of Shields
Miscellaneous
 M - 10 phantom mirrors
 P - a phial of floods
 U - 21 boxes of beasts
 X - a lightning rod (4/4)
Comestibles
 d - 32 rations


   Skills:
 + Level 24.4 Fighting
   Level 9.5(12.3) Maces & Flails
 - Level 12.9(14.0) Staves
 - Level 6.0 Armour
 - Level 15.0 Dodging
 - Level 2.1 Stealth
 + Level 21.8 Spellcasting
 - Level 20.0 Conjurations
   Level 0.7 Transmutations
 - Level 22.0 Fire Magic
 * Level 20.8 Ice Magic
 - Level 22.0 Earth Magic
 - Level 6.0 Evocations


You had 7 spell levels left.
You knew the following spells:

 Your Spells              Type           Power        Failure   Level  Hunger
a - Shatter               Erth           ########..   2%          9    ####...
b - Stone Arrow           Conj/Erth      ######       0%          3    None
c - Lee's Rapid Deconstr  Erth           ########..   0%          5    None
d - Iron Shot             Conj/Erth      ########..   0%          6    None
e - Blink                 Tloc           N/A          1%          2    None
f - Starburst             Conj/Fire      ########..   0%          6    None
g - Ignition              Fire           ########..   1%          8    #......
h - Absolute Zero         Ice            ########..   12%         9    ####...
i - Fire Storm            Conj/Fire      ########..   3%          9    ####...
j - Borgnjor's Vile Clut  Necr/Erth      #######...   1%          5    None

Your spell library contained the following spells:

 Spells                   Type           Power        Failure   Level  Hunger
 Lehudib's Crystal Spear  Conj/Erth      ########..   1%          8    #......
 Chain Lightning          Conj/Air       #######...   17%         8    #......
 Foxfire                  Conj/Fire      ####         0%          1    None
 Freeze                   Ice            ####         0%          1    None
 Magic Dart               Conj           ####         0%          1    None
 Sandblast                Erth           ######       0%          1    None
 Shock                    Conj/Air       ####         0%          1    None
 Ensorcelled Hibernation  Hex/Ice        ######       0%          2    None
 Passwall                 Tmut/Erth      #######.     0%          2    None
 Searing Ray              Conj           ######       0%          2    None
 Conjure Flame            Conj/Fire      ########     0%          3    None
 Frozen Ramparts          Ice            ######       0%          3    None
 Inner Flame              Hex/Fire       #######.     0%          3    None
 Hailstorm                Conj/Ice       ########     0%          4    None
 Sticky Flame             Conj/Fire      ########     0%          4    None
 Bolt of Magma            Conj/Fire/Erth ########..   0%          5    None
 Fireball                 Conj/Fire      ########..   0%          5    None
 Ozocubu's Refrigeration  Ice            ########..   0%          6    None
 Animate Skeleton         Necr           N/A          1%          1    None
 Apportation              Tloc           #####.       1%          1    None
 Beastly Appendage        Tmut           #####.       1%          1    None
 Corona                   Hex            #####..      1%          1    None
 Infusion                 Chrm           ####         1%          1    None
 Pain                     Necr           ####         1%          1    None
 Sting                    Tmut/Pois      ####         1%          1    None
 Summon Butterflies       Summ           #####...     1%          1    None
 Summon Small Mammal      Summ           ####         1%          1    None
 Call Imp                 Summ           #####...     1%          2    None
 Corpse Rot               Necr/Air       N/A          1%          2    None
 Poisonous Vapours        Pois/Air       #####.       1%          2    None
 Shroud of Golubria       Chrm/Tloc      #####.       1%          2    None
 Slow                     Hex            #####...     1%          2    None
 Song of Slaying          Chrm           #####...     1%          2    None
 Sticks to Snakes         Tmut           #####...     1%          2    None
 Swiftness                Chrm/Air       #####...     1%          2    None
 Call Canine Familiar     Summ           #####...     1%          3    None
 Confusing Touch          Hex            #####...     1%          3    None
 Dazzling Flash           Conj/Hex       ######       1%          3    None
 Gell's Gravitas          Tloc           #####.....   1%          3    None
 Ignite Poison            Fire/Tmut/Pois #######.     1%          3    None
 Lesser Beckoning         Tloc           #####.....   1%          3    None
 Mephitic Cloud           Conj/Pois/Air  #######.     1%          3    None
 Ozocubu's Armour         Chrm/Ice       #######.     1%          3    None
 Portal Projectile        Hex/Tloc       #####.       1%          3    None
 Recall                   Summ/Tloc      N/A          1%          3    None
 Spectral Weapon          Hex/Chrm       #####...     1%          3    None
 Spider Form              Tmut/Pois      #####.....   1%          3    None
 Static Discharge         Conj/Air       #######.     1%          3    None
 Teleport Other           Tloc           #####...     1%          3    None
 Tukima's Dance           Hex            #####...     1%          3    None
 Vampiric Draining        Necr           #####.....   1%          3    None
 Airstrike                Air            #####.....   1%          4    None
 Fulminant Prism          Conj/Hex       #######...   1%          4    None
 Ice Form                 Ice/Tmut       #######.     1%          4    None
 Iskenderun's Mystic Bla  Conj/Tloc      #######.     1%          4    None
 Leda's Liquefaction      Hex/Erth       #######...   1%          4    None
 Olgreb's Toxic Radiance  Pois           #####...     1%          4    None
 Petrify                  Tmut/Erth      #######.     1%          4    None
 Summon Ice Beast         Ice/Summ       #######.     1%          4    None
 Irradiate                Conj/Tmut      #######...   1%          5    None
 Iskenderun's Battlesphe  Conj/Chrm      #######.     1%          5    None
 Lightning Bolt           Conj/Air       #######...   1%          5    None
 Metabolic Englaciation   Hex/Ice        #######...   1%          5    None
 Freezing Cloud           Conj/Ice/Air   #######...   1%          6    None
 Simulacrum               Ice/Necr       #######...   1%          6    None
 Yara's Violent Unravell  Hex/Tmut       #####.....   4%          5    None
 Ring of Flames           Chrm/Fire      #######...   5%          7    None
 Animate Dead             Necr           N/A          6%          4    None
 Cause Fear               Hex            #####.....   6%          4    None
 Dispel Undead            Necr           #####...     6%          4    None
 Passage of Golubria      Tloc           N/A          6%          4    None
 Blade Hands              Tmut           #####.....   12%         5    None
 Alistair's Intoxication  Tmut/Pois      #####...     14%         5    None
 Agony                    Necr           #####...     17%         5    None
 Aura of Abjuration       Summ           #####.....   17%         5    None
 Excruciating Wounds      Chrm/Necr      #####.....   17%         5    None
 Silence                  Hex/Air        #####.....   17%         5    None
 Summon Demon             Summ           #####.....   17%         5    None
 Summon Forest            Summ/Tloc      #####.....   17%         5    None
 Summon Mana Viper        Hex/Summ       #####...     17%         5    None
 Hydra Form               Tmut           #####.....   56%         6    None
 Eringya's Noxious Bog    Tmut/Pois      #####.....   63%         6    None
 Darkness                 Hex            #####.....   67%         6    None
 Death Channel            Necr           #####.....   67%         6    None
 Deflect Missiles         Chrm/Air       #####.....   67%         6    None
 Dispersal                Tloc           #####.....   67%         6    None
 Invisibility             Hex            #####...     67%         6    None
 Shadow Creatures         Summ           N/A          67%         6    None
 Dragon Form              Tmut           #####.....   98%         7    None
 Haunt                    Necr/Summ      #####.....   99%         7    None
 Malign Gateway           Summ/Tloc      #####.....   99%         7    None
 Monstrous Menagerie      Summ           #####.....   99%         7    None
 Summon Greater Demon     Summ           #####.....   99%         7    None
 Summon Hydra             Summ           #####.....   99%         7    None
 Borgnjor's Revivificati  Necr           #####.....   100%        8    #......
 Controlled Blink         Tloc           N/A          100%        8    #......
 Death's Door             Chrm/Necr      #####.....   100%        8    #......
 Discord                  Hex            #####.....   100%        8    #......
 Infestation              Necr           #####.....   100%        8    #......
 Necromutation            Tmut/Necr      #####.....   100%        8    #......
 Summon Horrible Things   Summ           #####.....   100%        8    #......
 Dragon's Call            Summ           #####.....   100%        9    ####...
 Tornado                  Air            #####.....   100%        9    ####...
 Sublimation of Blood     Necr           Unusable     N/A         2    N/A
 Statue Form              Tmut/Erth      Unusable     N/A         6    N/A

Dungeon Overview and Level Annotations

Branches:
Dungeon (15/15)            Temple (1/1) D:5            Lair (6/6) D:11
 Shoals (4/4) Lair:2       Spider (4/4) Lair:2        Slime (5/5) Lair:6
    Orc (2/2) D:9             Elf (3/3) Orc:2        Vaults (5/5) D:14
  Crypt (3/3) Vaults:3       Tomb (0/3) Crypt:3      Depths (5/5) D:15
    Zot (0/5) Depths:5      IceCv (visited)         Gauntlet (visited)

Altars:
Ashenzari
Cheibriados
Dithmenos
Gozag
Hepliaklqana
Nemelex Xobeh
Okawaru
Qazlal
Ru
Sif Muna
Trog
Vehumet
Wu Jian
Xom
Yredelemnul
Beogh
Jiyva

Shops:
D:4 ?   D:5 ?   D:8 !   D:9 }   D:12 :*   D:15 [   Orc:1 %[   Orc:2 *%([
Shoals:2 *   Vaults:1 }   Vaults:2 *   Depths:5 ([*[

Portals:
Hell: Depths:1 Depths:2 Depths:3 Depths:4 Depths:5
Abyss: Depths:1 Depths:3 Depths:4 Depths:5
Pandemonium: Depths:3

Annotations:
D:12 1 runed translucent door, Owkoc's ghost, journeyman TrMo
Lair:5 exclusion: 3 oklob plants
Elf:2 5 runed translucent doors
Crypt:1 2 transporters


Innate Abilities, Weirdness & Mutations

You are resistant to torment.
Your stone body is resilient. (AC +20)
You are immune to poison.
Your large and strong wings let you fly indefinitely.
You resist negative energy. (rN+)
You are resistant to electric shocks. (rElec)
You can survive without breathing.
You are immune to petrification.
You are immune to rotting.
You have razor-sharp toenails.
You are surrounded by a mild repulsion field. (EV +2)
You are partially covered in icy blue scales. (AC +2)


Message History

* * * LOW HITPOINT WARNING * * *
The emperor scorpion convulses! x2
You have identified the last ring.
Found twenty items.
Found two gates leading back out of this place.
Found a stone staircase leading down.
The death scarab bites you but does no damage.
The death scarab waves its antennae.
The quicksilver dragon skeleton closely misses you.
The quicksilver dragon skeleton misses you.
The shadow dragon skeleton bites you but does no damage.
The shadow dragon skeleton claws you but does no damage.
The shadow dragon skeleton closely misses you.
The mummy priest mumbles some strange prayers to its god against you.
Something smites you!
* * * LOW HITPOINT WARNING * * *
The ushabti shakes and rattles deafeningly!
The greater mummy gestures wildly while chanting.
The quicksilver dragon skeleton bites you but does no damage.
The quicksilver dragon skeleton claws you!
You die... .M ..........▓ .§ .M.M......▓ ..##M....8MZ......▓ ..#MM....83MMM[=!?▓ .M....M...MWZZM[}%▓ 8.3.M.M.MMMMMM8Z))▓ ..MM4..WMM8MMMMM=∩▓ ....M3MMMM3sMMZs@>▓ †zZz.zM8MMMMM)WZZs▓

.§.z....M8.MMM8)s:▓
..M8..ZMZMMMZs$:}}▓
..#.Ms..§.8sMs)?(|▓
..##..s...M.s.....▓
..........M.......▓
..................▓
......▓▓▓▓▓▓▓▓▓▓


You could see 7 greater mummies, 2 emperor scorpions, 3 mummy priests, a soul
eater, a flayed ghost, 7 guardian mummies, 7 ushabtiu, a freezing wraith, a
spectral glowing shapeshifter, a neqoxec, 6 death scarabs, 18 mummies, a shadow
dragon zombie, a storm dragon zombie, a tengu reaver zombie, a shadow dragon
skeleton, 2 quicksilver dragon skeletons and a juggernaut skeleton.

Vanquished Creatures
  the Royal Jelly (Slime:5)
  6 pandemonium lords
  Mara (Depths:1)
  4 ancient liches
  7 juggernauts
  Sojobo (Depths:1)
  5 greater mummies
  Boris (thrice) (Vaults:4 Crypt:2 Depths:5)
  3 Killer Klowns (Zig:14)
  Frederick (Depths:4)
  5 shard shrikes (Zig:24)
  Margery (Depths:1)
  8 caustic shrikes
  Nikola (Spider:4)
  6 golden dragons
  2 profane servitors (Zig:23)
  10 bone dragons
  A Tzitzimitl (Zig:9)
  Arachne (Spider:4)
  A doom hound (Zig:10)
  2 hellephants (Zig:11)
  16 liches
  3 Ice Fiends
  Rupert (Spider:1)
  3 tentacled monstrosities
  2 quicksilver dragons
  8 deep elf blademasters
  23 acid blobs
  5 deep elf master archers
  The ghost of Ehiut the Fencer, an adept DsGl of Yredelemnul (Depths:3)
  2 titans (Vaults:5)
  A kraken (Shoals:4)
  11 sphinxes
  Frances (Spider:1)
  An Executioner (Zig:9)
  12 ancient champions
  Polyphemus (Shoals:3)
  Agnes (Spider:4)
  The ghost of Hofrel the Severer, an adept MiBe of Trog (Shoals:1)
  9 shadow dragons
  Kirke (Lair:5)
  A warmonger (Zig:9)
  5 storm dragons
  A tentacled starspawn (Zig:15)
  Roxanne (Shoals:3)
  Donald (Vaults:4)
  10 tengu reavers
  Ilsuiw (Shoals:4)
  A draconian monk (Depths:5)
  7 revenants
  A fire giant (shapeshifter) (Zig:14)
  26 nagarajas
  17 fire giants
  14 azure jellies
  7 frost giants
  A draconian knight (Depths:5)
  7 orc warlords
  11 deep elf sorcerers
  An iron dragon (Vaults:5)
  6 ghost moths
  4 caustic shrike zombies
  26 vault wardens
  3 balrugs (Zig:17)
  Aizul (Shoals:2)
  5 emperor scorpions
  11 reapers
  8 curse skulls
  12 ghouls
  6 war gargoyles
  4 juggernaut zombies
  18 ironheart preservers
  18 very ugly things
  3 spriggan defenders
  10 deep elf elementalists
  38 stone giants
  3 caustic shrike skeletons
  A starcursed mass (Zig:15)
  27 vampire knights
  7 entropy weavers
  10 deep elf demonologists
  A green draconian (Depths:5)
  A juggernaut skeleton (Depths:3)
  A lorocyproca (Zig:15)
  2 black suns
  2 bennus (Zig:16)
  Azrael (D:13)
  A white draconian (Depths:5)
  A yellow draconian (Depths:5)
  12 deep elf annihilators
  A dire elephant (shapeshifter) (Zig:14)
  11 spark wasps
  A minotaur (Gauntlet)
  Snorg (D:13)
  10 ettins
  2 purple draconians (Depths:5)
  15 eidola
  6 mummy priests
  3 crystal guardians (Crypt:3)
  14 merfolk javelineers
  16 deep elf death magi
  10 jiangshi
  7 deep elf high priests
  8 merfolk impalers
  Josephine (D:12)
  3 quicksilver dragon zombies
  4 fire dragons
  7 blizzard demons
  23 yaktaur captains
  14 death oozes
  A fire dragon (shapeshifter) (Depths:1)
  2 green deaths
  10 great orbs of eyes
  5 rakshasas
  31 vault guards
  6 merfolk avatars
  10 ice dragons
  11 naga warriors
  A ghost crab (Zig:10)
  A quicksilver dragon skeleton (Crypt:1)
  5 catoblepae
  9 centaur warriors
  A queen ant (Spider:3)
  14 hydras
  7 spriggan air magi
  13 ogre magi
  35 two-headed ogres
  5 anacondas
  2 alligator snapping turtles
  5 death knights
  7 death yaks
  9 deep troll shamans
  3 merfolk aquamancers
  7 deep troll earth magi
  3 tengu warriors (Depths:2)
  21 dancing weapons
  5 death scarabs
  2 satyrs (Shoals:3)
  2 thrashing horrors
  7 orc high priests
  A shock serpent (shapeshifter) (Vaults:1)
  A small abomination (Elf:3)
  The ghost of kaisn the Magician, a novice GnSk of Xom (D:6)
  12 vampire magi
  8 naga sharpshooters
  The ghost of CryoSword the Basher, a novice OgCK of Xom (D:8)
  A hell hog (Zig:17)
  3 soul eaters
  4 spriggan berserkers
  8 shock serpents
  3 spriggans
  3 titan skeletons
  2 titan zombies
  23 hell knights
  A fire crab (Lair:5)
  A storm dragon zombie (Zig:24)
  Sonja (Orc:1)
  22 deep elf knights
  A sun demon (Zig:15)
  5 wretched stars
  7 shadow wraiths
  A salamander mystic (Zig:18)
  16 iron trolls
  A spark wasp zombie (Depths:3)
  A death drake (shapeshifter) (D:15)
  4 golden dragon zombies
  26 skeletal warriors
  2 anaconda zombies (Crypt:3)
  3 storm dragon skeletons
  14 flayed ghosts
  A swamp dragon (Lair:6)
  4 unseen horrors
  15 sea snakes
  32 deep trolls
  3 shadow demons
  A sea snake (shapeshifter) (Zig:14)
  A kraken simulacrum (Shoals:4)
  3 glowing orange brains
  2 spatial maelstroms (Zig:15)
  An orange crystal statue (Zig:9)
  4 tengu zombies
  8 obsidian statues
  3 naga ritualists
  17 deep elf archers
  A shadow dragon zombie (Crypt:1)
  21 ironbrand convokers
  14 orc knights
  16 harpies
  7 phantasmal warriors
  A lindwurm (Lair:5)
  8 wizards
  A harpy (shapeshifter) (Zig:12)
  A golden dragon skeleton (Zig:16)
  4 mana vipers
  19 orb spiders
  2 orb spiders (shapeshifter)
  2 iron dragon zombies
  65 deep elf magi
  2 sphinx skeletons
  16 necromancers
  2 sphinx zombies
  An anaconda skeleton (Crypt:1)
  12 orc sorcerers
  3 tengu skeletons
  2 fauns (Shoals:2)
  2 stone giant zombies
  3 iron dragon skeletons
  A salamander (Zig:21)
  26 wolf spiders
  8 shining eyes
  12 cyclopes
  12 manticores
  A frost giant zombie (Depths:3)
  A shadow dragon skeleton (Zig:10)
  2 fire giant zombies
  2 worldbinders (Zig:15)
  52 ugly things
  9 merfolk sirens
  13 moths of wrath
  2 elephants (Lair:6)
  3 eyes of devastation
  3 fire giant skeletons
  2 frost giant skeletons
  A moth of wrath (shapeshifter) (Depths:2)
  33 black mambas
  A titan simulacrum (Crypt:1)
  9 guardian serpents
  9 water nymphs
  23 vault sentinels
  2 torpor snails
  An apocalypse crab (Zig:15)
  2 dire elephant skeletons
  4 smoke demons (Zig:15)
  A gargoyle (D:8)
  5 spectral swamp worms (Depths:2)
  7 elf skeletons
  3 ice statues
  9 naga magi
  2 black mambas (shapeshifter)
  2 hellions (Zig:17)
  2 shock serpent skeletons
  A stone giant skeleton (Crypt:1)
  A green draconian zombie (Crypt:1)
  10 spiny frogs
  35 freezing wraiths
  A rime drake (Lair:6)
  4 spriggan skeletons
  An efreet (D:14)
  40 yaktaurs
  16 ice devils
  8 komodo dragons
  A purple draconian skeleton (Crypt:1)
  5 tormentors
  9 demonic crawlers
  An ancient zyme (Zig:15)
  A yaktaur skeleton (Vaults:2)
  A shadow dragon simulacrum (Crypt:1)
  A catoblepas skeleton (Crypt:3)
  3 meliai (D:13)
  12 guardian mummies
  5 trolls
  29 merfolk
  2 harpy skeletons
  31 jumping spiders
  10 wind drakes
  4 polar bears
  Grinder (D:5)
  Prince Ribbit (D:9)
  16 hornets
  2 raiju (Zig:15)
  15 blink frogs
  87 slime creatures
  3 bog bodies (Crypt:2)
  11 snapping turtles
  11 hippogriffs
  4 dream sheep
  A raiju (shapeshifter) (Depths:3)
  A snapping turtle (shapeshifter) (Depths:4)
  3 ettin zombies
  A fire dragon zombie (Crypt:3)
  An ice dragon skeleton (Crypt:3)
  A ynoxinul (Zig:15)
  15 water elementals
  50 flying skulls
  6 large abominations
  A spriggan (shapeshifter) (Elf:1)
  2 ettin skeletons (Crypt:3)
  5 shadows
  86 redbacks
  5 air elementals
  20 wraiths
  8 ushabtiu
  A redback (shapeshifter) (Depths:2)
  A fire bat (shapeshifter) (Vaults:3)
  7 fire elementals
  36 yaks
  32 tarantellas
  3 wyverns
  6 basilisks
  A basilisk (shapeshifter) (Vaults:3)
  A fire dragon skeleton (Crypt:3)
  3 vampires (Vaults:3)
  7 golden eyes
  2 golden eyes (shapeshifter)
  A steam dragon (Lair:6)
  A yak (shapeshifter) (Vaults:2)
  2 hogs (Lair:5)
  4 vampire mosquitoes (D:14)
  3 chaos spawn (Zig:14)
  3 neqoxecs
  5 hungry ghosts
  7 nagas
  10 wargs
  A swamp worm (Gauntlet)
  26 soldier ants
  5 acid dragons
  15 water moccasins
  2 human skeletons (Vaults:2)
  5 floating eyes
  6 hell hounds
  2 swamp drakes (Lair:6)
  7 porcupines
  A black bear (D:9)
  8 sky beasts
  7 eyes of draining
  A swamp drake (shapeshifter) (Depths:2)
  17 ice beasts
  50 orc warriors
  3 phantoms
  4 elf zombies
  9 necrophages
  A hornet zombie (D:11)
  46 ogres
  A wolf (shapeshifter) (D:13)
  4 boggarts (Depths:4)
  16 wolves
  10 centaurs
  16 crocodiles
  A hog skeleton (Crypt:2)
  A torpor snail zombie (Crypt:2)
  A salamander skeleton (Crypt:1)
  20 bullfrogs
  4 earth elementals
  A glowing shapeshifter simulacrum (Vaults:1)
  A water moccasin zombie (Crypt:2)
  A wyvern skeleton (D:7)
  4 scorpions
  An elf simulacrum (Vaults:3)
  An orc simulacrum (Vaults:1)
  17 killer bees
  An electric eel (Spider:1)
  A troll skeleton (Crypt:1)
  3 howler monkeys
  3 jellies
  6 crimson imps
  2 bullfrog zombies
  A centaur zombie (D:11)
  A human simulacrum (Vaults:1)
  5 bullfrog skeletons
  An iron imp (Depths:5)
  8 hounds
  2 quasits
  35 orc priests
  5 centaur skeletons
  3 iguanas
  61 orc wizards
  27 worker ants
  A hell rat (Lair:6)
  A crocodile zombie (Crypt:2)
  2 bullfrog simulacra (D:6)
  An ogre zombie (Crypt:2)
  A hound zombie (D:5)
  2 hound skeletons
  18 mummies
  Robin (D:3)
  A worker ant zombie (D:5)
  18 adders
  6 gnolls
  A howler monkey skeleton (D:8)
  5 shadow imps
  13 white imps
  6 ufetubi (IceCv)
  2 oozes
  An iguana zombie (Crypt:1)
  An adder skeleton (D:9)
  An adder zombie (D:6)
  A worm (D:4)
  A dart slug (D:2)
  A leopard gecko (D:7)
  104 orcs
  4 giant cockroaches
  13 goblins
  8 hobgoblins
  4 kobolds
  4 quokkas
  A ball python (D:6)
  2 bats
  6 frilled lizards
  3 jackal skeletons
  A kobold skeleton (Crypt:1)
  A leopard gecko skeleton (D:6)
  A leopard gecko zombie (D:8)
  A quokka simulacrum (D:6)
  A quokka skeleton (Crypt:2)
  5 rats
  2 blocks of ice (Zig:24)
  5 crawling corpses (Elf:3)
  67 fire vortices
  6 plants
  4 tentacles (Shoals:4)
3202 creatures vanquished.

Vanquished Creatures (collateral kills)
  2 acid blobs (Zig:22)
  A mummy priest (Zig:16)
  A hydra (Zig:11)
  A sphinx zombie (Zig:17)
  An elf zombie (Zig:10)
  A frost giant skeleton (Zig:10)
  A guardian mummy (Zig:16)
  A crocodile (Zig:11)
  5 mummies
14 creatures vanquished.

Vanquished Creatures (others)
  A rakshasa (Depths:1)
  A wolf spider (Spider:4)
  An efreet (Zig:15)
  2 slime creatures (Depths:1)
  3 redbacks (Spider:4)
  2 tarantellas
  A water elemental (Depths:1)
  4 centaurs (D:15)
  8 white imps (IceCv)
  2 ufetubi (IceCv)
  An orc (Vaults:4)
  10 demonic plants (Gauntlet)
  105 fire vortices
  15 fungi
  29 plants
  2 starspawn tentacles (Zig:15)
187 creatures vanquished.

Grand Total: 3403 creatures vanquished

Notes
Turn   | Place    | Note
-------+----------+-------------------------------------------
     0 | D:1      | Hartz the Gargoyle Earth Elementalist began the quest for
                  | the Orb.
     0 | D:1      | Reached XP level 1. HP: 10/10 MP: 3/3
   119 | D:1      | Reached XP level 2. HP: 15/15 MP: 5/5
   765 | D:2      | Reached XP level 3. HP: 18/19 MP: 6/6
   770 | D:2      | Learned a level 3 spell: Stone Arrow
  1055 | D:2      | Reached skill level 1 in Conjurations
  1130 | D:2      | Reached XP level 4. HP: 19/24 MP: 8/8
  1346 | D:3      | Noticed Robin
  1655 | D:3      | Killed Robin
  1769 | D:3      | Reached skill level 5 in Earth Magic
  1780 | D:3      | Reached XP level 5. HP: 11/28 MP: 1/10
  1975 | D:3      | Learned a level 5 spell: Lee's Rapid Deconstruction
  1990 | D:3      | Noticed an ogre
  2078 | D:3      | Killed an ogre
  2078 | D:3      | Reached XP level 6. HP: 32/32 MP: 5/11
  2683 | D:4      | Found Cugres's Magic Scroll Shop,
  2690 | D:4      | Bought a scroll of teleportation for 39 gold pieces
  2691 | D:4      | Bought a scroll of identify for 26 gold pieces
  2691 | D:4      | Bought a scroll of identify for 26 gold pieces
  2691 | D:4      | Bought a scroll of magic mapping for 45 gold pieces
  2691 | D:4      | Bought a scroll of remove curse for 39 gold pieces
  2740 | D:4      | Noticed Eustachio
  2743 | D:4      | Noticed Eustachio
  2743 | D:4      | Eustachio changed into Eustachio the howler monkey
  2746 | D:4      | Killed Eustachio the howler monkey
  3088 | D:4      | Reached XP level 7. HP: 35/36 MP: 13/13
  3337 | D:5      | Entered Level 5 of the Dungeon
  3466 | D:5      | Noticed Grinder
  3477 | D:5      | Killed Grinder
  3645 | D:5      | Found the cursed +14 obsidian axe {vorpal, +Fly SInv
                  | *Curse}
  3715 | D:5      | Found a staircase to the Ecumenical Temple,
  3721 | Temple   | Entered the Ecumenical Temple
  3741 | Temple   | Became a worshipper of Vehumet
  3786 | D:5      | Reached skill level 5 in Spellcasting
  3786 | D:5      | Reached skill level 5 in Conjurations
  3786 | D:5      | Reached XP level 8. HP: 41/41 MP: 10/15
  4175 | D:5      | Found Tayx's Magic Scroll Shop,
  4187 | D:5      | Bought a scroll of noise for 13 gold pieces
  4188 | D:5      | Bought a scroll of identify for 26 gold pieces
  4188 | D:5      | Bought a scroll of identify for 26 gold pieces
  4188 | D:5      | Bought a scroll of identify for 26 gold pieces
  4192 | D:5      | Gained mutation: You are partially covered in molten
                  | scales. (AC +2) [potion of mutation]
  4192 | D:5      | Gained mutation: Your spells are a little harder to cast,
                  | but a little more powerful. [potion of mutation]
  4508 | D:6      | Reached * piety under Vehumet
  4508 | D:6      | Offered knowledge of Foxfire by Vehumet.
  4600 | D:6      | Found a radiant altar of Vehumet,
  4732 | D:6      | Learned a level 3 spell: Mephitic Cloud
  4736 | D:6      | Learned a level 2 spell: Blink
  4751 | D:6      | Reached skill level 1 in Fighting
  4829 | D:6      | Noticed kaisn's ghost (novice GnSk)
  4856 | D:6      | Found a runed translucent gate,
  4856 | D:6      | Found a runed translucent gate,
  4856 | D:6      | Found a runed translucent gate,
  4967 | D:6      | Reached skill level 1 in Armour
  4967 | D:6      | Reached XP level 9. HP: 40/47 MP: 18/18
  5101 | D:6      | Found an opulent altar of Gozag,
  5363 | D:6      | Reached skill level 1 in Maces & Flails
  5363 | D:6      | Reached skill level 1 in Evocations
  5529 | D:6      | Killed kaisn's ghost
  5529 | D:6      | Reached skill level 2 in Fighting
  5577 | D:6      | Got the ring "Paepak" {Fire}
  5578 | D:6      | Identified the ring "Paepak" {Fire Str+4} (You found it on
                  | level 6 of the Dungeon)
  5692 | D:7      | Offered knowledge of Freeze by Vehumet.
  5801 | D:7      | Reached ** piety under Vehumet
  5884 | D:7      | Reached skill level 3 in Fighting
  5996 | D:7      | Got a fine dagger
  6006 | D:7      | Identified the +6 dagger "Grim" {flame, rElec rN+} (You
                  | found it on level 7 of the Dungeon)
  6111 | D:7      | Reached XP level 10. HP: 56/56 MP: 16/19
  6348 | D:8      | Found a runed translucent gate,
  6348 | D:8      | Found a runed translucent gate,
  6348 | D:8      | Found a runed translucent gate,
  6348 | D:8      | Identified the +12 quarterstaff "Arbiter" {holy, rC+ Str+3
                  | SInv}
  6348 | D:8      | Identified the +6 plate armour of Wrong Decisions {Int+5}
  6348 | D:8      | Noticed CryoSword's ghost (novice OgCK)
  6379 | D:8      | Found a roughly hewn altar of Beogh,
  6493 | D:8      | Offered knowledge of Dazzling Flash by Vehumet.
  6648 | D:8      | You fall into a shaft and drop 2 floors!
  6648 | D:10     | Entered Level 10 of the Dungeon
  6661 | D:9      | Found a staircase to the Orcish Mines,
  6693 | D:9      | Noticed a two-headed ogre
  6696 | D:9      | Killed a two-headed ogre
  6696 | D:9      | Reached *** piety under Vehumet
  6697 | D:9      | Found Aplyepic's Gadget Boutique,
  6769 | D:8      | Noticed a gargoyle
  6804 | D:8      | Killed a gargoyle
  6804 | D:8      | Reached skill level 4 in Fighting
  6912 | D:8      | Found Fizogo's Distillery,
  6920 | D:8      | Bought a potion of heal wounds for 65 gold pieces
  6920 | D:8      | Bought a potion of heal wounds for 65 gold pieces
  6920 | D:8      | Bought a potion of heal wounds for 65 gold pieces
  6997 | D:8      | Offered knowledge of Fulminant Prism by Vehumet.
  7127 | D:9      | Noticed Prince Ribbit
  7132 | D:9      | Killed Prince Ribbit
  7454 | D:9      | Reached XP level 11. HP: 62/62 MP: 15/21
  7514 | D:9      | Found a stormy altar of Qazlal,
  7561 | D:9      | Reached **** piety under Vehumet
  7700 | D:9      | Offered knowledge of Bolt of Magma by Vehumet.
  7707 | D:9      | Learned a level 5 spell: Bolt of Magma
  8022 | D:10     | Reached skill level 5 in Armour
  8083 | D:10     | Reached skill level 1 in Fire Magic
  8261 | D:10     | Reached skill level 10 in Earth Magic
  8419 | D:10     | Learned a level 1 spell: Apportation
  8718 | D:11     | Noticed a seven-headed hydra
  8722 | D:11     | Killed a seven-headed hydra
  8875 | D:11     | Reached skill level 5 in Fighting
  8890 | D:11     | Noticed a four-headed hydra
  9035 | D:11     | Killed a four-headed hydra
  9035 | D:11     | Reached skill level 5 in Maces & Flails
  9055 | D:11     | Found a staircase to the Lair,
  9281 | D:11     | Noticed a centaur warrior
  9297 | D:11     | Killed a centaur warrior
  9641 | D:11     | Noticed a red ugly thing
  9653 | D:11     | Killed a red ugly thing
  9939 | D:11     | Reached ***** piety under Vehumet
 10145 | D:12     | Offered knowledge of Conjure Ball Lightning by Vehumet.
 10291 | D:12     | Reached XP level 12. HP: 69/69 MP: 23/23
 10329 | D:12     | Found Baarutwe's General Store,
 10334 | D:12     | Bought a scroll of identify for 24 gold pieces
 10479 | D:12     | Noticed a two-headed ogre
 10484 | D:12     | Killed a two-headed ogre
 10548 | D:12     | Noticed a two-headed ogre
 10556 | D:12     | Reached skill level 5 in Evocations
 10559 | D:12     | Killed a two-headed ogre
 10559 | D:12     | Reached skill level 6 in Fighting
 10559 | D:12     | Reached skill level 5 in Dodging
 10581 | D:12     | Found Lathruomo's Book Shop,
 10654 | D:12     | Noticed Josephine
 10697 | D:12     | Killed Josephine
 10697 | D:12     | Reached skill level 5 in Fire Magic
 10882 | D:12     | Found the -2 hat of the Alchemist {rElec rPois rF+ rC+ rN+
                  | MR+ rMut rCorr}
 10897 | D:12     | Found a runed translucent door,
 10901 | D:12     | Noticed Owkoc's ghost (journeyman TrMo)
 10902 | D:12     | Identified the +5 trident "Grim" {protect, rPois rN++ Int+2
                  | Dex-5}
 10902 | D:12     | Noticed a spriggan rider
 10903 | D:12     | Noticed a spriggan rider
 11094 | D:13     | Noticed a centaur warrior
 11111 | D:13     | Killed a centaur warrior
 11631 | D:13     | Noticed Azrael
 11648 | D:13     | Killed Azrael
 11648 | D:13     | Reached XP level 13. HP: 64/76 MP: 4/25
 11803 | D:13     | Noticed Snorg
 11807 | D:13     | Killed Snorg
 11924 | D:13     | Found a sparkling altar of Nemelex Xobeh,
 12017 | D:13     | Reached skill level 7 in Fighting
 12280 | D:8      | Killed CryoSword's ghost
 12412 | D:8      | Got a pair of ichor-stained boots
 12418 | D:8      | Identified the +1 pair of boots of Alef {+Inv rC- rCorr
                  | Str+3} (You found it on level 8 of the Dungeon)
 12793 | D:14     | Offered knowledge of Irradiate by Vehumet.
 12800 | D:14     | Learned a level 5 spell: Irradiate
 12955 | D:14     | Found the amulet of Vitality {Regen+ HP+15}
 13355 | D:14     | Noticed a vault guard
 13361 | D:14     | Killed a vault guard
 13414 | D:14     | Identified the +6 dagger of Sif Raeb {drain, Int+4 Dex+3
                  | Stlth-} (You found it on level 14 of the Dungeon)
 13420 | D:14     | Found a gate to the Vaults,
 13594 | D:14     | Reached skill level 10 in Conjurations
 13902 | D:15     | Entered Level 15 of the Dungeon
 13937 | D:15     | Found a gate leading to a gauntlet,
 13946 | Gauntlet | Entered a Gauntlet
 13946 | Gauntlet | Found a transporter,
 13946 | Gauntlet | Found a transporter,
 13950 | Gauntlet | Found a transporter,
 13950 | Gauntlet | Found a transporter,
 13961 | Gauntlet | Found a transporter,
 13970 | Gauntlet | Found a transporter,
 13975 | Gauntlet | Found a transporter,
 13978 | Gauntlet | Found a transporter,
 13981 | Gauntlet | Found a transporter,
 14008 | Gauntlet | Found a transporter,
 14015 | Gauntlet | Found a transporter,
 14033 | Gauntlet | Found a transporter,
 14079 | Gauntlet | Found a transporter,
 14093 | Gauntlet | Found a transporter,
 14194 | Gauntlet | Found a transporter,
 14208 | Gauntlet | Found a transporter,
 14826 | Gauntlet | Identified the ring "Wait" {rC++ MR+++ AC+5 Int+4 Dex-5}
 14826 | Gauntlet | Noticed a minotaur
 14856 | Gauntlet | Killed a minotaur
 14884 | Gauntlet | Identified the Disquisition on Unholy Arts and Clay
 15174 | Lair:1   | Entered Level 1 of the Lair of Beasts
 15944 | Lair:2   | Reached skill level 8 in Fighting
 15944 | Lair:2   | Gained mutation: Your large and strong wings let you fly
                  | indefinitely. [Gargoyle growth]
 15944 | Lair:2   | Reached XP level 14. HP: 56/84 MP: 17/27
 15998 | Lair:2   | Found a hole to the Spider Nest,
 16204 | Lair:2   | Learned a level 6 spell: Iron Shot
 16330 | Lair:2   | Found a staircase to the Shoals,
 18540 | Lair:5   | Offered knowledge of Yara's Violent Unravelling by Vehumet.
 18666 | Lair:5   | Noticed Kirke
 18670 | Lair:5   | Killed Kirke
 18787 | Lair:5   | Identified the +8 great mace of the Unliving {protect, rN+
                  | Str+2 Dex-5} (You found it on level 5 of the Lair of
                  | Beasts)
 19061 | Lair:6   | Entered Level 6 of the Lair of Beasts
 19189 | Lair:6   | Reached skill level 9 in Fighting
 19295 | Lair:6   | Reached skill level 10 in Fire Magic
 19428 | Lair:6   | Identified a scroll of acquirement
 19428 | Lair:6   | Identified the +0 plate armour of Tukuleif {*Corrode rElec
                  | Stlth+} (You acquired it on level 6 of the Lair of Beasts)
 19540 | Lair:6   | Reached XP level 15. HP: 90/90 MP: 28/28
 20128 | Lair:6   | Found a viscous altar of Jiyva,
 20129 | Lair:6   | Found a staircase to the Slime Pits,
 20508 | Lair:6   | Identified the cursed +0 robe "Lugg" {rC+ Stlth+} (You
                  | found it on level 6 of the Lair of Beasts)
 20533 | Lair:6   | Reached skill level 10 in Spellcasting
 21209 | Orc:1    | Entered Level 1 of the Orcish Mines
 21255 | Orc:2    | Entered Level 2 of the Orcish Mines
 21255 | Orc:2    | Found a staircase to the Elven Halls,
 21347 | Orc:1    | Found a roughly hewn altar of Beogh,
 21475 | Orc:1    | Reached ****** piety under Vehumet
 21496 | Orc:1    | Noticed Sonja
 21527 | Orc:1    | Killed Sonja
 21668 | Orc:1    | Found Eplaryuc's Antique Armour Shop,
 21798 | Orc:1    | Bought a dull robe for 153 gold pieces
 21798 | Orc:1    | Identified the +3 robe "Mathreleh" {rF+ MR- Str+4 Dex+2}
                  | (You bought it in a shop on level 1 of the Orcish Mines)
 21824 | Orc:1    | Found Nuamen's Food Boutique,
 22073 | Orc:2    | Offered knowledge of Iskenderun's Battlesphere by Vehumet.
 22382 | Orc:2    | Found Hom Wyar's General Store,
 22388 | Orc:2    | Found Gaorph's Antique Weapon Shoppe,
 22394 | Orc:2    | Found Kairomer's Antique Armour Shoppe,
 22422 | Orc:2    | Found Pehag's Food Emporium,
 22445 | Orc:2    | Bought a pair of shimmering gloves for 228 gold pieces
 22445 | Orc:2    | Identified the +0 pair of gloves "Noaskew" {+Inv Slay-6
                  | Stlth+} (You bought it in a shop on level 2 of the Orcish
                  | Mines)
 22805 | D:15     | Found Eggal's Armour Emporium,
 22885 | D:15     | Noticed a frost giant
 22892 | D:15     | Killed a frost giant
 23124 | D:15     | Found a staircase to the Depths,
 23177 | D:15     | Found a shattered altar of Ashenzari,
 23206 | D:15     | Reached skill level 10 in Fighting
 23611 | D:8      | Bought 2 potions of haste for 260 gold pieces
 23611 | D:8      | Bought 2 potions of brilliance for 104 gold pieces
 23611 | D:8      | Bought a potion of haste for 130 gold pieces
 23611 | D:8      | Bought 2 potions of curing for 78 gold pieces
 23611 | D:8      | Bought 2 potions of might for 104 gold pieces
 23611 | D:8      | Bought a potion of mutation for 104 gold pieces
 23712 | D:4      | Bought a scroll of blinking for 97 gold pieces
 23712 | D:4      | Bought a scroll of teleportation for 39 gold pieces
 23924 | Shoals:1 | Entered Level 1 of the Shoals
 24199 | Shoals:1 | Reached XP level 16. HP: 97/97 MP: 23/30
 24568 | Shoals:1 | Found a runed translucent gate,
 24568 | Shoals:1 | Found a runed translucent gate,
 24568 | Shoals:1 | Found a runed translucent gate,
 24569 | Shoals:1 | Noticed Hofrel's ghost (adept MiBe)
 24604 | Shoals:1 | Identified the ring "Pishreal" {*Tele rC+ MR+ MP-9}
 24621 | Shoals:1 | Offered knowledge of Ozocubu's Refrigeration by Vehumet.
 24656 | Shoals:1 | Killed Hofrel's ghost
 24743 | Shoals:1 | Identified the cursed +0 pair of boots of Fedhas's
                  | Benevolence {*Contam rCorr Stlth+} (You found it on level 1
                  | of the Shoals)
 25375 | Shoals:2 | Learned a level 5 spell: Borgnjor's Vile Clutch
 25465 | Shoals:2 | Reached skill level 1 in Staves
 25705 | Shoals:2 | Found Afokarae's Mayhem Merchandise,
 26020 | Shoals:3 | Noticed Aizul
 26030 | Shoals:2 | Killed Aizul
 26197 | Shoals:3 | Noticed Roxanne
 26202 | Shoals:3 | Killed Roxanne
 26209 | Shoals:3 | HP: 5/114 [merfolk/+0 trident (4)]
 26698 | Shoals:3 | Offered knowledge of Freezing Cloud by Vehumet.
 26767 | Shoals:3 | Noticed Polyphemus
 26774 | Shoals:3 | Killed Polyphemus
 27217 | Shoals:3 | Reached XP level 17. HP: 104/104 MP: 14/31
 27744 | Shoals:4 | Entered Level 4 of the Shoals
 27840 | Spider:1 | Entered Level 1 of the Spider Nest
 27992 | Spider:1 | Reached skill level 11 in Fighting
 28085 | Spider:1 | Got a crude iron amulet
 28086 | Spider:1 | Identified the amulet "Caeppyn" {Gourm +Fly rPois rN+} (You
                  | found it on level 1 of the Spider Nest)
 28281 | Spider:1 | Noticed Frances
 28289 | Spider:1 | Killed Frances
 28589 | Spider:1 | Noticed Rupert
 28597 | Spider:1 | Killed Rupert
 29220 | Spider:2 | Offered knowledge of Starburst by Vehumet.
 29784 | Spider:2 | Learned a level 6 spell: Starburst
 30334 | Spider:3 | Found a frozen archway,
 30347 | IceCv    | Entered an ice cave
 30916 | IceCv    | Noticed an Ice Fiend
 30916 | IceCv    | Noticed an Ice Fiend
 30931 | IceCv    | Killed an Ice Fiend
 30931 | IceCv    | Offered knowledge of Lehudib's Crystal Spear by Vehumet.
 30931 | IceCv    | Offered knowledge of Fire Storm by Vehumet.
 30931 | IceCv    | Offered knowledge of Chain Lightning by Vehumet.
 30941 | IceCv    | Killed an Ice Fiend
 30941 | IceCv    | Reached skill level 5 in Staves
 31934 | Spider:3 | Reached XP level 18. HP: 89/110 MP: 33/33
 32652 | Spider:4 | Entered Level 4 of the Spider Nest
 32659 | Spider:4 | Noticed Agnes
 32865 | Spider:4 | HP: 5/127 [jumping spider (2)]
 33027 | Spider:4 | Killed Agnes
 33200 | Spider:4 | Noticed Nikola
 33202 | Spider:4 | Reached skill level 12 in Fighting
 33209 | Spider:4 | Killed Nikola
 33209 | Spider:4 | Reached skill level 15 in Earth Magic
 33414 | Spider:4 | Noticed Arachne
 33889 | Spider:4 | Killed Arachne
 34509 | Spider:4 | Got a gossamer rune of Zot
 35148 | Vaults:1 | Entered Level 1 of the Vaults
 35464 | Elf:1    | Entered Level 1 of the Elven Halls
 35474 | Elf:1    | Learned a level 8 spell: Ignition
 35974 | Elf:1    | Reached skill level 15 in Fire Magic
 36009 | Elf:1    | Reached XP level 19. HP: 116/116 MP: 32/35
 36352 | Elf:1    | Identified Mnoleg's Compendium of Creation
 36814 | Elf:2    | Found a huge runed translucent gate,
 36817 | Elf:2    | Found a huge runed translucent gate,
 36817 | Elf:2    | Found a huge runed translucent gate,
 36818 | Elf:2    | Found a huge runed translucent gate,
 36819 | Elf:2    | Found a huge runed translucent gate,
 36981 | Elf:3    | Entered Level 3 of the Elven Halls
 37781 | Elf:3    | Reached skill level 10 in Dodging
 37930 | Elf:3    | Identified the +6 chain mail "Facw" {rC+ Str+2}
 37934 | Elf:3    | Identified the Catalogue of Lucky Clay
 38126 | Elf:3    | Identified the cursed +3 great mace of Courage {antimagic,
                  | Int+4}
 38126 | Elf:3    | Identified the ring "Plog" {*Slow rN+ Str+5 Int+4}
 38147 | Elf:3    | Reached XP level 20. HP: 124/124 MP: 15/36
 40214 | Vaults:1 | Reached skill level 13 in Fighting
 40641 | Vaults:1 | Found Yhemos's Gadget Emporium,
 41223 | Vaults:2 | Found Payrux's General Store,
 41231 | Vaults:2 | Bought a ration for 65 gold pieces
 41465 | Vaults:2 | Reached XP level 21. HP: 110/129 MP: 37/37
 42789 | Vaults:3 | Got a sparkling bone ring
 42790 | Vaults:3 | Identified the ring "Dolyhank" {rElec rPois MR+ Str+2
                  | Stlth-} (You found it on level 3 of the Vaults)
 43909 | Vaults:3 | Found a staircase to the Crypt,
 44536 | Shoals:4 | Noticed Ilsuiw
 44741 | Shoals:4 | Killed Ilsuiw
 44836 | Shoals:4 | Reached skill level 14 in Fighting
 44850 | Shoals:4 | Reached skill level 15 in Conjurations
 45087 | Shoals:4 | Reached XP level 22. HP: 137/137 MP: 36/39
 45848 | Shoals:4 | Got a barnacled rune of Zot
 47386 | Vaults:4 | Reached skill level 10 in Staves
 47909 | Vaults:4 | Noticed Boris
 47924 | Vaults:4 | HP: 4/153 [disintegration (52)]
 47930 | Vaults:4 | Killed Boris
 48287 | Vaults:4 | Noticed Donald
 48292 | Vaults:4 | Killed Donald
 48606 | Vaults:4 | Learned a level 9 spell: Shatter
 48611 | Vaults:5 | Entered Level 5 of the Vaults
 48612 | Vaults:5 | Reached XP level 23. HP: 143/143 MP: 40/40
 48860 | Vaults:5 | Reached skill level 15 in Fighting
 49000 | Vaults:5 | Identified the +5 morningstar of Udwuenukk {flame, rPois
                  | rC+ Dex+4 Stlth+}
 49530 | Vaults:5 | Reached XP level 24. HP: 151/151 MP: 36/41
 49563 | Vaults:5 | Identified the amulet of Gin and Tonic {Spirit +Blink rPois
                  | Dex-3 Stlth+}
 49736 | Vaults:5 | Identified the +8 battleaxe of Marim {vorpal, *Drain +Fly
                  | Int+3 Dex+5}
 49899 | Vaults:5 | Got a silver rune of Zot
 50784 | Crypt:1  | Entered Level 1 of the Crypt
 51007 | Crypt:1  | Found a transporter,
 51024 | Crypt:1  | Identified the ring "Huw Soff" {MR+ Str+4 SInv}
 51453 | Crypt:1  | Found a transporter,
 51460 | Crypt:1  | Identified Sif Muna's Incunabulum of Cloudy Displacement
 51464 | Crypt:1  | Got a steaming ivory amulet
 51465 | Crypt:1  | Identified the amulet "Jatus" {Acrobat +Inv Str+3} (You
                  | found it on level 1 of the Crypt)
 51845 | Crypt:2  | Noticed Boris
 51856 | Crypt:2  | Killed Boris
 52455 | Crypt:3  | Entered Level 3 of the Crypt
 52623 | Crypt:3  | Reached XP level 25. HP: 157/157 MP: 41/41
 52851 | Crypt:3  | Noticed an ancient lich
 52856 | Crypt:3  | Killed an ancient lich
 52856 | Crypt:3  | Reached skill level 16 in Fighting
 52880 | Crypt:3  | Found a basalt altar of Yredelemnul,
 52889 | Crypt:3  | Found the cursed +13 scythe of Curses {drain, *Curse}
 53587 | Crypt:3  | Found a staircase to the Tomb,
 54112 | Depths:1 | Entered Level 1 of the Depths
 54172 | Depths:1 | Noticed Sojobo
 54172 | Depths:1 | Noticed Mara
 54365 | Depths:1 | Reached skill level 15 in Spellcasting
 54373 | Depths:1 | Killed Sojobo
 54694 | Depths:1 | Killed Mara
 54940 | Depths:1 | Found a one-way gate to the infinite horrors of the Abyss,
 55011 | Depths:1 | Found a gateway to Hell,
 55071 | Depths:1 | Noticed Margery
 55075 | Depths:1 | Killed Margery
 55557 | Depths:2 | Reached XP level 26. HP: 154/164 MP: 9/42
 56437 | Depths:2 | Found a runed translucent door,
 56441 | Depths:2 | Found a runed translucent door,
 56442 | Depths:2 | Noticed a juggernaut
 56448 | Depths:2 | Reached skill level 17 in Fighting
 56453 | Depths:2 | Killed a juggernaut
 56944 | Depths:3 | Found a one-way gate leading to the halls of Pandemonium,
 57178 | Depths:3 | Found a transporter,
 57214 | Depths:3 | Found a transporter,
 57214 | Depths:3 | Noticed Ehiut's ghost (adept DsGl)
 57306 | Depths:3 | Identified the ring of the Townfolk {MR+ Dex+4}
 57568 | Depths:3 | Identified the amulet of Egomania {+Rage +Inv Int-4 Dex+5}
                  | (You acquired it on level 3 of the Depths)
 57904 | D:15     | Learned a level 9 spell: Fire Storm
 58136 | Slime:1  | Entered Level 1 of the Pits of Slime
 58304 | Slime:1  | Gained mutation: Your body sometimes deteriorates upon
                  | taking damage. [a shining eye]
 58385 | Slime:3  | Reached XP level 27. HP: 172/172 MP: 33/43
 58454 | Slime:4  | Gained mutation: You are dopey. (Int -2) [a shining eye]
 58626 | Slime:5  | Entered Level 5 of the Pits of Slime
 58650 | Slime:5  | Gained mutation: Your body often deteriorates upon taking
                  | damage. [a shining eye]
 58752 | Slime:5  | Gained mutation: You are frail. (-10% HP) [a shining eye]
 58766 | Slime:5  | Noticed the Royal Jelly
 58773 | Slime:5  | Killed the Royal Jelly
 58923 | Slime:5  | Got a slimy rune of Zot
 58963 | Slime:5  | Got a flickering bronze ring
 58964 | Slime:5  | Identified the ring "Jixef" {+Fly Str+5} (You found it on
                  | level 5 of the Pits of Slime)
 58981 | Slime:5  | Got a fine platinum ring
 58985 | Slime:5  | Identified the ring "Veivauz" {MR+ Stlth+} (You found it on
                  | level 5 of the Pits of Slime)
 59054 | Slime:5  | Identified the +9 quarterstaff of Jokab {venom, MP+9 Dex+2}
                  | (You found it on level 5 of the Pits of Slime)
 59119 | Slime:5  | Reached skill level 18 in Fighting
 59583 | Depths:3 | Killed Ehiut's ghost
 59599 | Depths:3 | Identified the +1 pair of boots "Fenup" {*Drain +Blink
                  | SInv} (You found it on level 3 of the Depths)
 59601 | Depths:3 | Got a slimy garnet amulet
 59602 | Depths:3 | Identified the amulet of Arghyut {Inacc Int+7} (You found
                  | it on level 3 of the Depths)
 59773 | Depths:4 | Noticed a juggernaut
 59780 | Depths:4 | Killed a juggernaut
 60222 | Depths:4 | Lost mutation: Your spells are a little harder to cast, but
                  | a little more powerful. [potion of mutation]
 60222 | Depths:4 | Lost mutation: You are frail. (-10% HP) [potion of
                  | mutation]
 60222 | Depths:4 | Lost mutation: You are dopey. (Int -2) [potion of mutation]
 60222 | Depths:4 | Gained mutation: You have a pair of small horns on your
                  | head. [potion of mutation]
 60222 | Depths:4 | Gained mutation: Your muscles are strong. (Str +2) [potion
                  | of mutation]
 60223 | Depths:4 | Lost mutation: You are partially covered in molten scales.
                  | (AC +2) [potion of mutation]
 60223 | Depths:4 | Lost mutation: Your body often deteriorates upon taking
                  | damage. [potion of mutation]
 60223 | Depths:4 | Gained mutation: You are surrounded by a mild repulsion
                  | field. (EV +2) [potion of mutation]
 60223 | Depths:4 | Gained mutation: Your magical capacity is low. (-10% MP)
                  | [potion of mutation]
 60223 | Depths:4 | Gained mutation: You are frail. (-10% HP) [potion of
                  | mutation]
 60223 | Depths:4 | Gained mutation: You are partially covered in icy blue
                  | scales. (AC +2) [potion of mutation]
 60224 | Depths:4 | Lost mutation: You are frail. (-10% HP) [potion of
                  | mutation]
 60224 | Depths:4 | Lost mutation: Your muscles are strong. (Str +2) [potion of
                  | mutation]
 60224 | Depths:4 | Gained mutation: You can translocate small distances at
                  | will. [potion of mutation]
 60225 | Depths:4 | Lost mutation: Your body sometimes deteriorates upon taking
                  | damage. [potion of mutation]
 60225 | Depths:4 | Lost mutation: Your magical capacity is low. (-10% MP)
                  | [potion of mutation]
 60225 | Depths:4 | Lost mutation: You have a pair of small horns on your head.
                  | [potion of mutation]
 60225 | Depths:4 | Lost mutation: You can translocate small distances at will.
                  | [potion of mutation]
 60225 | Depths:4 | Gained mutation: You have sharp toenails. [potion of
                  | mutation]
 60225 | Depths:4 | Gained mutation: You have razor-sharp toenails. [potion of
                  | mutation]
 60313 | Depths:4 | Noticed Frederick
 60318 | Depths:4 | Killed Frederick
 60964 | Depths:5 | Entered Level 5 of the Depths
 61091 | Depths:5 | Reached skill level 15 in Dodging
 61770 | Depths:5 | Noticed Boris
 61780 | Depths:5 | Killed Boris
 61780 | Depths:5 | Reached skill level 19 in Fighting
 61949 | Depths:5 | Found Motiusoe's Armour Boutique,
 61953 | Depths:5 | Found Wuavamie's General Store,
 61953 | Depths:5 | Found Upiutiwa's Armour Shop,
 61959 | Depths:5 | Found Fufylowe's Weapon Shop,
 61980 | Depths:5 | Bought a scroll of summoning for 104 gold pieces
 61980 | Depths:5 | Bought a scroll of identify for 22 gold pieces
 61980 | Depths:5 | Bought a scroll of acquirement for 572 gold pieces
 61980 | Depths:5 | Bought a scroll of identify for 22 gold pieces
 61980 | Depths:5 | Bought a scroll of identify for 22 gold pieces
 61980 | Depths:5 | Bought a potion of curing for 33 gold pieces
 62072 | Depths:5 | Found a gate to the Realm of Zot,
 62772 | Depths:5 | Found a gateway to a ziggurat,
 63120 | Zig:1    | Entered Level 1 of a ziggurat
 63199 | Zig:2    | Entered Level 2 of a ziggurat
 63249 | Zig:3    | Entered Level 3 of a ziggurat
 63389 | Zig:4    | Entered Level 4 of a ziggurat
 63423 | Zig:5    | Entered Level 5 of a ziggurat
 63427 | Zig:5    | Found the +4 Cigotuvi's embrace {rRot *Drain rN+}
 63472 | Zig:6    | Entered Level 6 of a ziggurat
 63477 | Zig:6    | Found the +3 Elemental Staff {rElec rF++ rC++ MR++ AC+5}
 63600 | Zig:7    | Entered Level 7 of a ziggurat
 63633 | Zig:7    | Identified the Guide on Confrontation and Stones
 63643 | Zig:8    | Entered Level 8 of a ziggurat
 63675 | Zig:8    | Identified the Incunabulum of Boosting Unholy Magic
 63680 | Zig:9    | Entered Level 9 of a ziggurat
 63690 | Zig:9    | Noticed Qosidait the pandemonium lord
 63694 | Zig:9    | Killed Qosidait the pandemonium lord
 63720 | Zig:9    | Identified the +1 robe of the Comet {+Inv} (You found it on
                  | level 9 of a ziggurat)
 63727 | Zig:9    | Got a smoking wooden ring
 63728 | Zig:9    | Identified the ring of Culyf {*Tele rElec rN+ MP+9 Slay-5}
                  | (You found it on level 9 of a ziggurat)
 63739 | Zig:10   | Entered Level 10 of a ziggurat
 63749 | Zig:10   | Reached skill level 20 in Fighting
 63935 | Zig:10   | Got an ancient emerald amulet
 63936 | Zig:10   | Identified the amulet of Summertime {Acrobat MR+} (You
                  | found it on level 10 of a ziggurat)
 63939 | Zig:10   | Got a faintly glowing bronze ring
 63940 | Zig:10   | Identified the ring "Miesch" {MR+ MP+9} (You found it on
                  | level 10 of a ziggurat)
 63953 | Zig:10   | Identified the +1 robe of the Quahog {Str+6} (You found it
                  | on level 10 of a ziggurat)
 63956 | Zig:10   | Got a bound ruby amulet
 63957 | Zig:10   | Identified the amulet of Toepemma {+Rage +Fly MR- Int+7}
                  | (You found it on level 10 of a ziggurat)
 63962 | Zig:11   | Entered Level 11 of a ziggurat
 64011 | Zig:11   | Identified the Disquisition on the Birds and the Oath
 64024 | Zig:12   | Entered Level 12 of a ziggurat
 64068 | Zig:12   | Found the +8 lance "Wyrmbane" {slay drac, rPois rF+ rC+
                  | AC+3}
 64093 | Zig:12   | Identified the +0 cloak of the Princeling {rElec rN+ MR+
                  | Regen+} (You found it on level 12 of a ziggurat)
 64109 | Zig:12   | Got a coiled lapis lazuli ring
 64110 | Zig:12   | Identified the ring of Furghewk {+Fly rC+ rCorr Dex-4} (You
                  | found it on level 12 of a ziggurat)
 64180 | Zig:13   | Entered Level 13 of a ziggurat
 64193 | Zig:13   | Noticed an ancient lich
 64196 | Zig:13   | Reached skill level 21 in Fighting
 64198 | Zig:13   | Killed an ancient lich
 64303 | Zig:14   | Entered Level 14 of a ziggurat
 64317 | Zig:14   | Noticed Rothraropn the pandemonium lord
 64321 | Zig:14   | Killed Rothraropn the pandemonium lord
 64321 | Zig:14   | Noticed Tinan the pandemonium lord
 64322 | Zig:14   | Noticed Ruwkiwe the pandemonium lord
 64322 | Zig:14   | Noticed Ryaptirphedd the pandemonium lord
 64323 | Zig:14   | Killed Tinan the pandemonium lord
 64323 | Zig:14   | Noticed Nihynarr the pandemonium lord
 64328 | Zig:14   | Killed Nihynarr the pandemonium lord
 64331 | Zig:14   | Killed Ryaptirphedd the pandemonium lord
 64332 | Zig:14   | Killed Ruwkiwe the pandemonium lord
 64416 | Zig:14   | Learned a level 9 spell: Absolute Zero
 64540 | Zig:15   | Entered Level 15 of a ziggurat
 64551 | Zig:15   | Reached skill level 1 in Ice Magic
 64658 | Zig:15   | Identified Okig's Volume of Creative Evil
 64702 | Zig:16   | Entered Level 16 of a ziggurat
 64720 | Zig:16   | Reached skill level 5 in Ice Magic
 64721 | Zig:16   | Noticed a greater mummy
 64724 | Zig:16   | Killed a greater mummy
 64724 | Zig:16   | Reached skill level 22 in Fighting
 64724 | Zig:16   | Noticed a greater mummy
 64725 | Zig:16   | Noticed a greater mummy
 64725 | Zig:16   | Noticed a greater mummy
 64742 | Zig:16   | Killed a greater mummy
 64744 | Zig:16   | Killed a greater mummy
 64751 | Zig:16   | Killed a greater mummy
 64905 | Zig:16   | Got a translucent iron ring
 64913 | Zig:16   | Identified the ring of the Republic {rC+ rN+ AC+3 Str+5}
                  | (You found it on level 16 of a ziggurat)
 64924 | Zig:16   | Identified the Papyrus of the Compass and Earth
 64927 | Zig:16   | Identified the +0 leather armour "Togauxaxt" {rF+ Int+5}
                  | (You found it on level 16 of a ziggurat)
 64946 | Zig:17   | Entered Level 17 of a ziggurat
 65001 | Zig:17   | Identified the Compendium of Confrontation
 65017 | Zig:17   | Identified the ring of Compulsion {+Inv rC+ Dex+3} (You
                  | acquired it on level 17 of a ziggurat)
 65017 | Zig:17   | Identified the +6 crystal plate armour of Naubb {rC++ Str+2
                  | Dex+3} (You acquired it on level 17 of a ziggurat)
 65031 | Zig:17   | Got a brightly glowing glass ring
 65032 | Zig:17   | Identified the ring of Jehylof {rPois rCorr} (You found it
                  | on level 17 of a ziggurat)
 65059 | Zig:18   | Entered Level 18 of a ziggurat
 65077 | Zig:18   | Reached skill level 10 in Ice Magic
 65091 | Zig:18   | Found the +8 Wrath of Trog {antimagic, *Rage}
 65098 | Zig:18   | Got a translucent jade ring
 65099 | Zig:18   | Identified the ring of Wariness {*Contam MR+ rCorr Str+3}
                  | (You found it on level 18 of a ziggurat)
 65156 | Zig:19   | Entered Level 19 of a ziggurat
 65201 | Zig:19   | Identified the cursed +0 demon whip of Slow Death {drain,
                  | rF+ Int+4 Dex+3} (You found it on level 19 of a ziggurat)
 65215 | Zig:19   | Identified the Almanac of Virous Flight
 65222 | Zig:19   | Identified Mups's Tome of Supportive Transmigration
 65228 | Zig:19   | Identified the Incunabulum of Assistive Contamination
 65235 | Zig:20   | Entered Level 20 of a ziggurat
 65251 | Zig:20   | Noticed a juggernaut
 65251 | Zig:20   | Noticed a juggernaut
 65252 | Zig:20   | Noticed a juggernaut
 65253 | Zig:20   | Noticed a juggernaut
 65255 | Zig:20   | Killed a juggernaut
 65255 | Zig:20   | Killed a juggernaut
 65255 | Zig:20   | Killed a juggernaut
 65256 | Zig:20   | Killed a juggernaut
 65256 | Zig:20   | Noticed a juggernaut
 65257 | Zig:20   | Reached skill level 23 in Fighting
 65259 | Zig:20   | Killed a juggernaut
 65262 | Zig:20   | Reached skill level 15 in Ice Magic
 65303 | Zig:20   | Got a glittering sapphire amulet
 65304 | Zig:20   | Identified the amulet of Waiggab {Reflect MR+ Str+4 SH+3}
                  | (You found it on level 20 of a ziggurat)
 65306 | Zig:20   | Identified the Almanac of Feathers
 65309 | Zig:20   | Identified the cursed -3 kite shield "Aketubbi" {rF+ Int+2}
                  | (You found it on level 20 of a ziggurat)
 65331 | Zig:21   | Entered Level 21 of a ziggurat
 65379 | Zig:21   | Got a clouded graven amulet
 65380 | Zig:21   | Identified the amulet of Sif Muna's Regard {rPois MR-
                  | Regen+ Str+7} (You found it on level 21 of a ziggurat)
 65424 | Zig:21   | Identified the Papyrus of Shifting Unholy Arts
 65426 | Zig:21   | Identified Veilul's Tome of Darkness
 65436 | Zig:22   | Entered Level 22 of a ziggurat
 65454 | Zig:22   | Paralysed by a floating eye for 3 turns
 65475 | Zig:22   | Found the +3 robe of Clouds {+Thunder rCloud rElec}
 65477 | Zig:22   | Found the +0 pair of fencer's gloves {Riposte Dex+3}
 65491 | Zig:22   | Got a crude pewter amulet
 65492 | Zig:22   | Identified the amulet of Kadinwao {*Corrode rElec MR+
                  | Regen+ Dex+8} (You found it on level 22 of a ziggurat)
 65568 | Zig:23   | Entered Level 23 of a ziggurat
 65585 | Zig:23   | Noticed an ancient lich
 65587 | Zig:23   | Killed an ancient lich
 65589 | Zig:23   | Noticed an ancient lich
 65591 | Zig:23   | Reached skill level 24 in Fighting
 65593 | Zig:23   | Killed an ancient lich
 65713 | Zig:23   | Identified the amulet of Scepticism {Faith rElec rPois rN+
                  | MP+9} (You found it on level 23 of a ziggurat)
 65749 | Zig:24   | Entered Level 24 of a ziggurat
 65878 | Zig:24   | Found the ring of Phasing {EV+8}
 65878 | Zig:24   | Found the +9 staff of Olgreb {rPois∞}
 65921 | Zig:24   | Identified the +1 robe of Kisiprap {Dex+6} (You found it on
                  | level 24 of a ziggurat)
 65932 | Zig:25   | Entered Level 25 of a ziggurat
 65946 | Zig:25   | Noticed a greater mummy
 65946 | Zig:25   | Noticed a greater mummy
 65949 | Zig:25   | Noticed a greater mummy
 65952 | Zig:25   | Killed a greater mummy
 65953 | Zig:25   | Noticed a greater mummy
 65953 | Zig:25   | Noticed a greater mummy
 65953 | Zig:25   | Noticed a greater mummy
 65953 | Zig:25   | Noticed a greater mummy
 65953 | Zig:25   | Noticed a greater mummy
 65954 | Zig:25   | Noticed a greater mummy
 65954 | Zig:25   | Noticed a greater mummy
 65954 | Zig:25   | Noticed a greater mummy
 65954 | Zig:25   | Noticed a greater mummy
 65954 | Zig:25   | Noticed a greater mummy
 65954 | Zig:25   | Noticed a greater mummy
 65955 | Zig:25   | Found the +9 heavy crossbow "Sniper" {vorpal, Acc+∞ SInv}
 65956 | Zig:25   | HP: 6/207 [mummy priest/divine providence (8)]
 65956 | Zig:25   | Slain by a quicksilver dragon skeleton

Levels and vault maps discovered:
D:1:      giann_horns, layout_rooms, grunt_decor_mini_mirrors
D:2:      layout_loops_ring, minmay_fractal_squares_gapless_5
D:3:      layout_loops_ring, first_ration, uniq_robin
D:4:      layout_gridville, serial_shops, shop, uniq_eustachio
D:5:      layout_loops_corners, minmay_temple_entry_fiery, serial_shops, shop,
          uniq_grinder
D:6:      layout_loops_ring, nicolae_overflow_hidden_temple,
          gammafunk_ghost_icy, basic_altar
D:7:      layout_basic
D:8:      layout_rooms, biasface_ghost_orc_armoury, serial_shops, shop,
          grunt_ogre_cave, nrook_mini_vaults
D:9:      layout_basic, orc_0_dummy, basic_altar, serial_shops, shop,
          uniq_prince_ribbit1
D:10:     layout_basic
D:11:     layout_basic, erik_lair_orcish_takeover, hangedman_glass_teeth
D:12:     layout_loops_ring, serial_shops, nicolae_shop_trees, shop,
          ebering_ghost_funeral_grove, uniq_josephine
D:13:     layout_loops_ring, basic_altar, uniq_azrael, uniq_snorg
D:14:     layout_basic, david_vaults_5
D:15:     grunt_enter_depths_snipers, layout_irregular_city,
          gauntlet_entry_generic, nicolae_ashenzari_panopticon, serial_shops,
          shop
Temple:   nicolae_temple_the_god_donut
Lair:1:   layout_regular_city
Lair:2:   layout_big_grid, minmay_shoals_entry_lonely_mermaid,
          nicolae_spider_entry_tight_spaces
Lair:3:   layout_roguey, serial_bayou_pond_d, serial_bayou_shore_a,
          grunt_megastairs_3
Lair:4:   layout_hall_layers, grunt_megastairs_5
Lair:5:   layout_regular_city, ice2_lemuel, lemuel_fruit_tree,
          minmay_lair_oklob_chamber, uniq_kirke
Lair:6:   hangedman_lair_in_review, layout_layer_cave, guppyfry_lair_end_dragon,
          dpeg_slime_entry_enclosed_altar
Shoals:1: layout_shoals, gammafunk_ghost_tricky_traps
Shoals:2: layout_shoals, minmay_shop_mayhem, hangedman_shoals_cup_caves
Shoals:3: layout_shoals, uniq_aizul, uniq_polyphemus, uniq_roxanne
Shoals:4: shoals_end_grunt_ice, layout_shoals, shoal_ilsuiw
Spider:1: layout_spider_delve, uniq_frances, uniq_rupert
Spider:2: layout_spider_delve
Spider:3: layout_spider_delve, portal_ice_cave_entry_frozen_things, minivault_29
Spider:4: johnstein_spider_rune_arachne_lair, nicolae_spider_webbed_stairs,
          uniq_agnes, uniq_nikola
Slime:1:  layout_caves
Slime:2:  layout_caves
Slime:3:  cheibrodos_slime_lost_civilization_1, layout_caves
Slime:4:  layout_caves
Slime:5
Orc:1:    layout_diamond_mine, basic_altar, serial_shops, shop,
          nicolae_shop_statue_plus, uniq_sonja
Orc:2:    st_orc_mages, layout_diamond_mine
Elf:1:    layout_geoelf_grid, minmay_elf_sorcery, evilmike_minifort
Elf:2:    layout_rooms
Elf:3:    minmay_elf_hall_four_x, layout_onion_city
Vaults:1: nicolae_vaults_disjoint_gnomons, nicolae_vaults_network_s,
          nicolae_vaults_little_squares_1, nicolae_vaults_network_periphery,
          hangedman_vaults_stitches, nicolae_vaults_big_angled_halls,
          nicolae_vaults_three_branches, nicolae_vaults_network_star,
          vaults_dpeg_spiral, ontoclasm_vaults_shuriken,
          ontoclasm_vaults_ring_square, nicolae_vaults_fighting_squares,
          ontoclasm_vaults_loading_screen, ontoclasm_vaults_bender,
          nicolae_vaults_specimen_jars, layout_vaults_omnibox, serial_shops,
          shop
Vaults:2: nicolae_vaults_yaktaur_gun_rack, v_rooms_2,
          ontoclasm_vaults_decontamination, grunt_vaults_hallway_long,
          v_pattern_2, nicolae_vaults_display_case, hangedman_vaults_trim,
          v_misc_17, ontoclasm_vaults_hangar, vaults_room_door_hall,
          vaults_room_boxed, nicolae_vaults_little_squares_6,
          layout_vaults_omnicross, serial_shops, shop
Vaults:3: minmay_crypt_entry_vampire_xt, vaults_room_corners,
          hangedman_vaults_stretched_pinwheel, grunt_vaults_swirl,
          grunt_vaults_twisty, hangedman_vaults_stream, dpeg_vaults_monster_box,
          nicolae_vaults_big_ls, grunt_vaults_hallway_short,
          ontoclasm_vaults_ring_square, v_misc_22, ontoclasm_vaults_pinch,
          layout_vaults_maze_snakey
Vaults:4: nicolae_vaults_bisected_exclaves, nicolae_vaults_border_crossing,
          ontoclasm_vaults_shout, vaults_mumra_lcd, v_misc_4, v_misc_30,
          vaults_mumra_hexcomb, nicolae_vaults_shelves_hall,
          vaults_room_corners, layout_vaults_quadrants, uniq_donald, uniq_boris
Vaults:5
Crypt:1:  gammafunk_its_a_trap, layout_chaotic_city, tombwall_bobbens,
          grunt_crypt_arrival_webbed
Crypt:2:  layout_gridlike, grunt_ministairs_6, chequers_hall_statues_y
Crypt:3:  cryptofortress_bobbens
Depths:1: layout_basic, abyss_entry, chequers_serial_rivers_small_3,
          grunt_metal_band, skrybe_limestone_x, fake_guardian_serpent_vault,
          uniq_mara, uniq_sojobo
Depths:2: minmay_expanding_circles, layout_gridville, pf_hell_entry_tar_river,
          infiniplex_staircase_star
Depths:3: hangedman_screamer, layout_basic, minmay_splitting_lines, pan_entry,
          gammafunk_ghost_berserking_beasts, abyss_entry, hell_entry
Depths:4: minmay_thinvault, layout_cave_shapes, pf_hell_entry_great_geh,
          abyss_entry, hangedman_decor_peaks_small,
          infiniplex_staircase_hallway_doors, serial_bayou_shore_b,
          uniq_frederick
Depths:5: grunt_zot_entry_tricorne, layout_basic, enter_ziggurat_b,
          grunt_hell_entry_dis_mu, abyss_entry, serial_sigils_hangedman_confine,
          minmay_shoptagon, serial_bayou_shore_b
Zig:25:   ziggurat_pillar_abc, ziggurat_pillar_abc, ziggurat_pillar_abc,
          ziggurat_pillar_abc

Skill      XL: |  1  2  3  4  5  6  7  8  9 10 11 12 13 14 15 16 17 18 19 20 21 22 23 24 25 26 27 |
---------------+----------------------------------------------------------------------------------+-----
Earth Magic    | 4 5 6 7 8 9 10 11 12 13 14 15 16 18 19 20 21 22 | 22.0
Conjurations   | 1 2 3 5 6 7 8 9 10 11 12 13 14 15 16 17 18 20 | 20.0
Spellcasting   | 3 4 5 6 7 8 9 10 11 12 13 14 15 16 21 | 21.8
Fighting       | 1 3 4 5 6 8 9 10 11 12 13 14 15 16 17 24 | 24.4
Armour         | 1 3 4 5 6 |  6.0
Maces & Flails | 2 4 5 6 7 8 9 |  9.5
Dodging        | 2 3 4 5 6 7 8 9 10 11 12 13 14 15 | 15.0
Evocations     | 2 3 4 5 6 |  6.0
Fire Magic     | 4 6 8 10 11 12 13 15 17 18 19 20 22 | 22.0
Staves         | 3 5 6 7 8 9 10 11 12 | 12.9
Ice Magic      | 20 | 20.8
Stealth        | |  2.1
Transmutations | |  0.7

Action                   |  1- 3 |  4- 6 |  7- 9 | 10-12 | 13-15 | 16-18 | 19-21 | 22-24 | 25-27 || total
-------------------------+-------+-------+-------+-------+-------+-------+-------+-------+-------++-------
Melee: Whip              |    62 |   114 |   243 |       |       |       |       |       |       ||   419
       Dagger            |       |       |    12 |   330 |    36 |       |       |       |       ||   378
       Quarterstaff      |       |       |       |       |   724 |   700 |   471 |   392 |   602 ||  2889
       Staff             |       |       |       |       |       |       |       |    23 |       ||    23
Throw: Throwing net      |       |       |       |       |       |     1 |       |       |       ||     1
 Cast: Sandblast         |     2 |    41 |    34 |   130 |    70 |    24 |     4 |    12 |     4 ||   321
       Stone Arrow       |       |     3 |     6 |    21 |    72 |    17 |       |       |       ||   119
       Lee's Rapid Decon |       |       |     9 |    58 |    76 |   114 |    46 |    49 |    43 ||   395
       Bolt of Magma     |       |       |       |     4 |    16 |    18 |       |       |       ||    38
       Mephitic Cloud    |       |       |       |       |     4 |       |       |       |       ||     4
       Iron Shot         |       |       |       |       |    89 |   203 |   131 |   110 |   201 ||   734
       Irradiate         |       |       |       |       |     8 |    33 |     1 |       |       ||    42
       Blink             |       |       |       |       |     1 |     1 |       |       |       ||     2
       Borgnjor's Vile C |       |       |       |       |       |    13 |    22 |     8 |    13 ||    56
       Starburst         |       |       |       |       |       |     1 |       |       |     1 ||     2
       Ignition          |       |       |       |       |       |       |    70 |    38 |    85 ||   193
       Shatter           |       |       |       |       |       |       |       |    43 |   183 ||   226
       Fire Storm        |       |       |       |       |       |       |       |       |    63 ||    63
       Absolute Zero     |       |       |       |       |       |       |       |       |     2 ||     2
 Abil: Evoke Invisibilit |       |       |       |       |     6 |     2 |     1 |     1 |       ||    10
       Fly               |       |       |       |       |     1 |     1 |       |     1 |       ||     3
       Stop Flying       |       |       |       |       |     1 |       |       |     1 |       ||     2
Evoke: Wand              |       |     3 |     3 |     7 |    11 |    18 |     7 |     3 |     6 ||    58
       Phial of floods   |       |       |       |       |       |     2 |     1 |       |       ||     3
       Lightning rod     |       |       |       |       |       |     8 |       |       |       ||     8
  Use: Scroll            |     3 |     8 |     6 |    15 |    17 |    30 |    10 |     7 |    53 ||   149
       Potion            |       |     1 |     1 |     2 |     6 |    13 |     7 |     6 |    20 ||    56
 Stab: Sleeping          |     1 |     1 |     3 |     1 |       |     3 |       |       |       ||     9
       Distracted        |       |       |     1 |     1 |       |       |       |       |       ||     2
       Confused          |       |       |       |       |     4 |       |       |       |       ||     4
       Invisible         |       |       |       |       |     5 |     1 |       |       |     1 ||     7
       Petrified         |       |       |       |       |     1 |       |       |       |       ||     1
  Eat: Chunk             |     1 |     6 |    10 |    48 |    77 |    55 |    48 |    28 |    42 ||   315
       Ration            |       |       |     1 |       |     1 |    14 |    10 |    12 |    33 ||    71
Armor: Robe              |    15 |    20 |       |       |   504 |   826 |   341 |   373 |   496 ||  2575
       Animal skin       |       |    48 |   175 |   224 |    66 |       |       |       |       ||   513
Dodge: Dodged            |    28 |   102 |   176 |   229 |   913 |  1019 |   312 |   432 |   579 ||  3790

Table legend:
 A = Non-vault XP
 B = Vault XP
 C = Vault XP percentage of total XP
 D = Non-vault monster count
 E = Vault monster count
 F = Vault count percentage of total count
                 A         B        C        D         E       F
            +---------+---------+-------+---------+---------+-------
      Total | 1493917 |  777540 |  34.2 |    2150 |     975 |  31.2
            +---------+---------+-------+---------+---------+-------
        D:1 |      14 |       0 |   0.0 |       8 |       0 |   0.0
        D:2 |      60 |      21 |  25.9 |      13 |      10 |  43.5
        D:3 |     241 |      26 |   9.7 |      17 |       6 |  26.1
        D:4 |     261 |      49 |  15.8 |      15 |       1 |   6.2
        D:5 |     497 |     277 |  35.8 |      19 |       1 |   5.0
        D:6 |     956 |    1307 |  57.8 |      23 |      10 |  30.3
        D:7 |    1058 |       0 |   0.0 |      29 |       0 |   0.0
        D:8 |    1832 |    1445 |  44.1 |      28 |      14 |  33.3
        D:9 |    2531 |     277 |   9.9 |      33 |       1 |   2.9
       D:10 |    1235 |       0 |   0.0 |      21 |       0 |   0.0
       D:11 |    5871 |     657 |  10.1 |      27 |      10 |  27.0
       D:12 |    5718 |    1727 |  23.2 |      33 |       4 |  10.8
       D:13 |    6820 |    3487 |  33.8 |      31 |       8 |  20.5
       D:14 |   10140 |    2182 |  17.7 |      32 |       5 |  13.5
       D:15 |    6615 |    3013 |  31.3 |      19 |       3 |  13.6
     Lair:1 |    1610 |       0 |   0.0 |       8 |       0 |   0.0
     Lair:2 |    4839 |    2051 |  29.8 |      18 |       7 |  28.0
     Lair:3 |    3043 |     231 |   7.1 |      11 |       2 |  15.4
     Lair:4 |    3422 |     990 |  22.4 |      14 |       6 |  30.0
     Lair:5 |    4334 |    6513 |  60.0 |      14 |      18 |  56.2
     Lair:6 |   12266 |   15655 |  56.1 |      44 |      35 |  44.3
   Shoals:1 |    6621 |    7109 |  51.8 |      16 |      12 |  42.9
   Shoals:2 |   10107 |    8185 |  44.7 |      25 |      13 |  34.2
   Shoals:3 |   15235 |    8663 |  36.2 |      25 |       7 |  21.9
   Shoals:4 |   22087 |   25393 |  53.5 |      39 |      34 |  46.6
   Spider:1 |   21155 |    5178 |  19.7 |      57 |       2 |   3.4
   Spider:2 |   14542 |       0 |   0.0 |      32 |       0 |   0.0
   Spider:3 |   17288 |   10805 |  38.5 |      47 |      48 |  50.5
   Spider:4 |   14274 |   27309 |  65.7 |      39 |      42 |  51.9
    Slime:1 |    8061 |       0 |   0.0 |      20 |       0 |   0.0
    Slime:2 |    1129 |       0 |   0.0 |       6 |       0 |   0.0
    Slime:3 |    3736 |       0 |   0.0 |       6 |       0 |   0.0
    Slime:4 |    6060 |       0 |   0.0 |       9 |       0 |   0.0
    Slime:5 |   14712 |   29157 |  66.5 |      30 |      12 |  28.6
      Orc:1 |    3359 |     802 |  19.3 |      44 |       1 |   2.2
      Orc:2 |    2026 |    4599 |  69.4 |      24 |      42 |  63.6
      Elf:1 |    4120 |   14220 |  77.5 |       8 |      23 |  74.2
      Elf:2 |   14434 |     886 |   5.8 |      20 |       1 |   4.8
      Elf:3 |   14569 |   61205 |  80.8 |      24 |      40 |  62.5
   Vaults:1 |   29174 |   37983 |  56.6 |      42 |      60 |  58.8
   Vaults:2 |   11514 |   28459 |  71.2 |      18 |      57 |  76.0
   Vaults:3 |   33774 |   24787 |  42.3 |      45 |      39 |  46.4
   Vaults:4 |   22395 |   43121 |  65.8 |      35 |      41 |  53.9
   Vaults:5 |   48178 |  129316 |  72.9 |      57 |      90 |  61.2
    Crypt:1 |   29318 |    9783 |  25.0 |      45 |      14 |  23.7
    Crypt:2 |   43968 |    5350 |  10.8 |      47 |       4 |   7.8
    Crypt:3 |       0 |   67599 | 100.0 |       0 |      92 | 100.0
   Depths:1 |   37991 |   29805 |  44.0 |      53 |      12 |  18.5
   Depths:2 |   36335 |   42437 |  53.9 |      41 |      32 |  43.8
   Depths:3 |   49493 |   50410 |  50.5 |      54 |      45 |  45.5
   Depths:4 |   43090 |   20416 |  32.1 |      39 |      13 |  25.0
   Depths:5 |   82079 |   24336 |  22.9 |      54 |      16 |  22.9
      Zig:1 |    3813 |       0 |   0.0 |       1 |       0 |   0.0
      Zig:2 |    1521 |       0 |   0.0 |       6 |       0 |   0.0
      Zig:3 |    3752 |       0 |   0.0 |       4 |       0 |   0.0
      Zig:4 |    4630 |       0 |   0.0 |       7 |       0 |   0.0
      Zig:5 |    9894 |       0 |   0.0 |       5 |       0 |   0.0
      Zig:6 |    6548 |       0 |   0.0 |       9 |       0 |   0.0
      Zig:7 |    6886 |       0 |   0.0 |       7 |       0 |   0.0
      Zig:8 |    9062 |       0 |   0.0 |      15 |       0 |   0.0
      Zig:9 |   27661 |    2753 |   9.1 |      11 |       4 |  26.7
     Zig:10 |   20293 |       0 |   0.0 |      22 |       0 |   0.0
     Zig:11 |   21237 |       0 |   0.0 |      24 |       0 |   0.0
     Zig:12 |   23731 |       0 |   0.0 |      21 |       0 |   0.0
     Zig:13 |   35924 |       0 |   0.0 |      22 |       0 |   0.0
     Zig:14 |   54325 |       0 |   0.0 |      20 |       0 |   0.0
     Zig:15 |   29007 |    2642 |   8.3 |      37 |       4 |   9.8
     Zig:16 |   42993 |       0 |   0.0 |      56 |       0 |   0.0
     Zig:17 |   22749 |    1981 |   8.0 |      34 |       4 |  10.5
     Zig:18 |   42717 |       0 |   0.0 |      51 |       0 |   0.0
     Zig:19 |   47086 |       0 |   0.0 |      45 |       0 |   0.0
     Zig:20 |   67083 |       0 |   0.0 |      59 |       0 |   0.0
     Zig:21 |   58550 |       0 |   0.0 |      61 |       0 |   0.0
     Zig:22 |   52872 |       0 |   0.0 |      52 |       0 |   0.0
     Zig:23 |   91832 |       0 |   0.0 |      51 |       0 |   0.0
     Zig:24 |   66654 |       0 |   0.0 |      65 |       0 |   0.0
     Zig:25 |    8910 |       0 |   0.0 |       7 |       0 |   0.0
      IceCv |       0 |   10667 | 100.0 |       0 |      25 | 100.0
   Gauntlet |       0 |    2276 | 100.0 |       0 |       5 | 100.0
            +---------+---------+-------+---------+---------+-------
